 Dungeon Crawl Stone Soup version 0.16.0-18-g484a79e (webtiles) character file.

293706 Tolias the Sculptor of Flesh (level 20, -1/190 HPs)
             Began as a Deep Dwarf Fire Elementalist on Mar 22, 2015.
             Was an Elder of Yredelemnul.
             Killed from afar by a deep elf annihilator (47 damage)
             ... with a crystal spear
             ... on level 3 of the Elven Halls.
             The game lasted 02:26:54 (41930 turns).

Tolias the Sculptor of Flesh (DDFE)                Turns: 41930, Time: 02:26:54

Health: -1/190     AC: 35    Str: 21      XL:     20   Next: 1%
Magic:  26/30      EV: 16    Int: 20 (21) God:    Yredelemnul [****..]
Gold:   561        SH:  7    Dex: 15      Spells: 4 memorised, 19 levels left

rFire  + . .     SeeInvis +     a - +9 eveningstar (protect)
rCold  + + .     Clarity  .     p - +4 plate armour
rNeg   + . .     SustAb   .     H - +2 buckler {rF+}
rPois  +         Gourm    .     h - +2 helmet {Int+3}
rElec  .         Spirit   .     P - +2 cloak of the Manifold Ghosts {rC+ SInv Stlth+}
rCorr  .         Warding  .     U - +0 pair of gloves
rMut   .         Stasis   .     (no boots)
MR     ++++.                    i - amulet of rage
Stlth  ..........               x - ring "Chusit" {rC+ MR+ EV+3 Str+4}
                                q - ring of poison resistance

@: very slightly contaminated, non-regenerating, repel missiles, incredibly
resistant to hostile enchantments, extremely unstealthy
A: damage resistance, recharge devices, negative energy resistance 1, sense
surroundings 3, slow healing 3
a: Device Recharging, Animate Dead, Recall Undead Slaves, Injury Mirror, Drain
Life, Renounce Religion, Evoke Berserk Rage
}: 2/15 runes: decaying, serpentine


You were on level 3 of the Elven Halls.
You worshipped Yredelemnul.
Yredelemnul was greatly pleased with you.
You were not hungry.

You visited 7 branches of the dungeon, and saw 41 of its levels.
You visited 1 bazaar.
You also visited: Bailey, Ice Cave and Volcano.

You collected 4439 gold pieces.
You spent 3878 gold pieces at shops.

Inventory:

Hand weapons
 a - a +9 eveningstar of protection (weapon)
 e - a +3 vampiric long sword {!w}
 w - a +0 blowgun
Missiles
 G - a poisoned needle
 O - 10 javelins (quivered)
 Y - 2 throwing nets
Armour
 h - a +2 helmet of intelligence (worn)
 p - a +4 plate armour (worn)
 H - a +2 buckler of fire resistance (worn)
 P - the +2 cloak of the Manifold Ghosts (worn) {rC+ SInv Stlth+}
   (You found it on level 14 of the Dungeon)

   It protects you from cold.
   It enhances your eyesight.
   It makes you more stealthy.
 U - a +0 pair of gloves (worn)
Rods
 z - a +2 rod of inaccuracy (12/12) {!a}
   (You found it on level 15 of the Dungeon)
Jewellery
 i - an amulet of rage (around neck)
 n - an uncursed ring of fire
 q - a ring of poison resistance (left hand)
 x - the ring "Chusit" (right hand) {rC+ MR+ EV+3 Str+4}
   (You bought it in a shop in a bazaar)

   [ring of evasion]

   It affects your evasion (+3).
   It affects your strength (+4).
   It protects you from cold.
   It affects your resistance to hostile enchantments.
 D - an uncursed ring of teleportation
Magical devices
 c - a wand of heal wounds (3)
 g - a wand of disintegration (13)
 k - a wand of polymorph (4)
 m - a wand of disintegration (12)
 t - a wand of confusion (14)
 A - a wand of disintegration (0)
 M - a wand of teleportation (2)
Scrolls
 d - 9 scrolls of remove curse
 j - 2 scrolls of blinking
 l - 3 scrolls of magic mapping
 o - 4 scrolls of enchant armour
 s - 5 scrolls of fear
 y - 4 scrolls of fog
 F - 6 scrolls of teleportation
 K - a scroll of silence
Potions
 f - 14 potions of curing
 u - 4 potions of agility
 v - 4 potions of resistance
 B - 5 potions of brilliance
 C - 7 potions of restore abilities
 I - 4 potions of magic
 J - 4 potions of ambrosia
 L - a potion of invisibility
 N - 3 potions of cure mutation
 R - 3 potions of haste
 S - 8 potions of might
 W - a potion of cancellation
Miscellaneous
 b - an ornate deck of changes {the Alchemist}
 Q - a phantom mirror
 T - a box of beasts {used: 10}
 Z - a fan of gales
Comestibles
 r - 11 meat rations
 E - 16 bread rations


   Skills:
 + Level 14.2 Fighting
 - Level 16.0 Maces & Flails
 - Level 15.7 Armour
 - Level 11.6 Dodging
 - Level 2.7 Stealth
 - Level 5.0 Shields
 - Level 3.1 Spellcasting
 - Level 1.1 Conjurations
 - Level 6.6 Charms
 - Level 2.8 Fire Magic
 - Level 5.4 Air Magic
 + Level 17.9 Invocations
 - Level 13.5 Evocations


You had 19 spell levels left.
You knew the following spells:

 Your Spells              Type           Power        Failure   Level  Hunger
a - Apportation           Tloc           #.........   97%         1    None
e - Flame Tongue          Conj/Fire      ##...        69%         1    None
q - Blink                 Tloc           N/A          99%         2    ##.....
v - Repel Missiles        Chrm/Air       ####..       21%         2    ##.....


Dungeon Overview and Level Annotations

Branches:
Dungeon (15/15)            Temple (1/1) D:5            Lair (8/8) D:11
  Swamp (5/5) Lair:5        Snake (5/5) Lair:3        Slime (0/6) Lair:8
    Orc (4/4) D:12            Elf (3/3) Orc:4        Vaults (0/5) D:14
 Depths (0/5) D:15

Altars:
Ashenzari
Cheibriados
Dithmenos
Elyvilon
Fedhas
Gozag
Kikubaaqudgha
Makhleb
Nemelex Xobeh
Okawaru
Qazlal
Ru
Sif Muna
Trog
Vehumet
Xom
Yredelemnul
Zin
The Shining One
Beogh
Jiyva

Shops:
D:5 :   Orc:1 *   Orc:4 (*:[   Elf:1 !   Elf:2 !

Annotations:
Lair:1 exclusion: 4 oklob plants
Swamp:4 exclusion: Roxanne, Roxanne
Snake:5 1 exclusion
Elf:2 1 runed door


Innate Abilities, Weirdness & Mutations

You are resistant to damage.
You can recharge devices by infusing magical energy.
You resist negative energy.
You passively map a large area around you.
You do not heal naturally.


Message History

The deep elf annihilator mumbles some strange words.
The deep elf annihilator blinks!
The deep elf annihilator points at you and mumbles some strange words.
The bolt of lightning hits you!
The bolt of lightning is repelled.
You feel less protected from missiles.
Casting: Repel Missiles
Confirm with . or Enter, or press ? or * to list all spells.
You miscast Repel Missiles.
You are very lightly contaminated with residual magic.
You are blasted with air!
The deep elf annihilator points at you and mumbles some strange words.
The iron shot hits you!
* * * LOW HITPOINT WARNING * * *
Casting: Repel Missiles
Confirm with . or Enter, or press ? or * to list all spells.
You feel protected from missiles.
A deep elf demonologist opens the door.
The deep elf annihilator points at you and mumbles some strange words.
The crystal spear hits you!
You die...
Your body rises from the dead as a mindless zombie.

* ,#.....#.....#.....#
*#.....##..)##.....# ,,*
#......##)##......# ,
#.......#'#.......#, ,,
##............e..## , ,
*##.............## , ,
#.............# * , ,
#.............# **, *
'#######.)......@### * '
, .......#)#######'# ,
..........# 4e.. ,,*
..........# #...... ,
..........## #....4.. ,
, ...........## .......
,
..###.....es#,......##*,
, ,* * ##....4er......##
, * * ##.....'e....# *
,,


You could see a deep elf annihilator, a deep elf demonologist, an orange demon
and a blue devil (wandering).

Vanquished Creatures
  Norris (Elf:2)
  A deep elf master archer (Elf:3)
  A shadow dragon (D:14)
  Kirke (D:14)
  Frances (Swamp:4)
  5 greater nagas
  Wiglaf (Snake:4)
  Louise (Swamp:3)
  5 deep elf sorcerers (Elf:3)
  A very ugly thing (Swamp:5)
  4 deep elf demonologists (Elf:3)
  6 deep elf annihilators (Elf:3)
  Snorg (Lair:3)
  5 deep elf death magi (Elf:3)
  3 deep elf high priests
  11 naga warriors
  4 hydras
  2 centaur warriors (D:14)
  5 anacondas
  12 dancing weapons (Elf:2)
  3 alligators
  5 death yaks (Lair:7)
  An ogre mage (Volcano)
  A tengu warrior (D:15)
  An orc high priest (Elf:3)
  17 naga sharpshooters
  A thrashing horror (Swamp:5)
  10 deep elf knights
  An unseen horror (D:13)
  A spriggan druid (Swamp:5)
  5 naga ritualists
  3 swamp dragons
  6 deep elf summoners
  A harpy (shapeshifter) (Elf:2)
  3 necromancers
  3 shambling mangroves
  2 orc knights (Orc:4)
  2 wolf spider zombies
  7 deep elf conjurers
  2 wizards (D:14)
  A wolf spider (Lair:8)
  8 ugly things
  3 orc sorcerers
  4 hill giants
  6 mana vipers
  3 griffons
  2 cyclopes
  A manticore (D:15)
  12 slime creatures
  9 salamanders
  10 naga magi
  A sixfirhy (Swamp:4)
  2 guardian serpents (shapeshifter)
  3 molten gargoyles
  3 centaur zombies
  3 elephants (Lair:7)
  3 guardian serpents
  14 spiny frogs
  A kobold demonologist (D:11)
  30 black mambas
  A smoke demon (Swamp:4)
  3 komodo dragons
  A small abomination (Elf:3)
  An orange demon (Swamp:5)
  A komodo dragon (shapeshifter) (D:13)
  8 deep elf priests
  4 trolls
  A two-headed ogre (D:7)
  5 bog bodies
  Prince Ribbit (D:8)
  7 blink frogs
  4 giant leeches
  10 centaurs
  7 ravens
  11 polar bears
  A spriggan (shapeshifter) (D:15)
  2 redbacks
  5 wraiths
  2 basilisks
  4 spriggans
  16 deep elf magi
  51 yaks
  A steam dragon (Lair:7)
  A tarantella (Elf:3)
  14 humans
  4 shadows
  Eustachio (D:6)
  4 hogs
  7 vampire mosquitoes
  10 hippogriffs
  3 hungry ghosts
  15 swamp worms
  2 wargs (Lair:8)
  Edmund (D:8)
  2 insubstantial wisps (Swamp:3)
  19 deep elf fighters
  27 orc warriors
  A hell hound (Lair:8)
  26 water moccasins
  7 ice beasts
  A soldier ant (D:13)
  A mottled dragon (D:12)
  30 nagas
  9 black bears
  17 wolves
  2 sky beasts
  A spider (Lair:8)
  2 wasps
  7 porcupines
  7 swamp drakes
  A phantom (D:4)
  10 ogres
  An eye of draining (D:13)
  Sigmund (D:5)
  Duvessa (D:8)
  15 big kobolds
  12 crocodiles
  A gnoll sergeant (D:8)
  2 brain worms
  11 giant frogs
  A wyvern zombie (D:14)
  A water moccasin zombie (D:10)
  6 killer bees
  3 scorpions
  The ghost of herpmino the Chopper, a weakling HOCK of Xom (D:3)
  5 wights
  An electric eel (Lair:5)
  A goliath beetle (D:7)
  Dowan (D:8)
  6 crimson imps
  7 jellies
  4 giant frog skeletons
  A quasit (D:11)
  2 giant frog zombies
  22 hounds
  5 orc priests
  5 centaur skeletons
  15 worker ants
  Natasha (thrice) (D:3)
  9 iguanas
  8 orc wizards
  3 hell rats (Lair:3)
  A killer bee zombie (D:8)
  15 sheep
  A hound skeleton (D:9)
  2 mummies
  Robin (D:3)
  33 adders
  6 gnolls
  A worker ant zombie (D:11)
  89 river rats
  4 shadow imps
  2 worms
  2 adder zombies
  3 giant geckos
  2 oozes (D:2)
  89 orcs
  4 ball pythons
  3 bat zombies (D:5)
  4 giant cockroaches
  27 goblins
  21 hobgoblins
  14 jackals
  16 quokkas
  16 bats
  12 giant newts
  A giant spore (D:11)
  2 goblin skeletons (D:8)
  A goblin zombie (D:8)
  A hobgoblin zombie (D:8)
  34 kobolds
  A kobold zombie (D:8)
  An orc skeleton (D:8)
  An orc zombie (D:8)
  19 rats
  3 rat zombies (D:5)
  16 ballistomycetes (D:11)
  3 fungi
  2 plants (Lair:8)
1251 creatures vanquished.

Vanquished Creatures (collateral kills)
  A profane servitor (Elf:2)
  Nikola (Swamp:1)
  An acid blob (Lair:8)
  Rupert (Swamp:4)
  A thorn hunter (Swamp:5)
  Agnes (Elf:2)
  The ghost of DevastatorOne the Formicid Cataclysm, a mighty FoFi of Qazlal (Swamp:3)
  2 greater nagas (Snake:5)
  An orc warlord (Orc:4)
  A ghoul (Swamp:5)
  A stone giant (Orc:3)
  3 very ugly things
  A deep elf demonologist (Elf:3)
  A white draconian (IceCv)
  2 green deaths (Swamp:5)
  A death ooze (Swamp:5)
  A vault guard (D:14)
  Fannar (Orc:2)
  8 hydras
  Harold (Orc:2)
  An anaconda (Snake:3)
  A ghost crab (Swamp:2)
  4 naga warriors (Snake:5)
  5 alligators
  6 dancing weapons (Elf:2)
  2 hell beasts (Swamp:5)
  2 orc high priests
  9 naga sharpshooters
  Urug (Orc:2)
  A death yak (Lair:7)
  Nergalle (Orc:4)
  7 deep elf knights
  A fire crab (shapeshifter) (D:13)
  An ice devil (Orc:4)
  7 swamp dragons
  An unseen horror (D:15)
  2 hill giants
  5 black mambas
  A spriggan druid (Swamp:3)
  A naga ritualist (Snake:2)
  A shambling mangrove (Swamp:1)
  3 deep elf summoners
  Psyche (D:10)
  An orb spider (D:13)
  A wolf spider zombie (D:15)
  3 orc knights
  A mana viper (Snake:5)
  3 orc sorcerers
  2 ugly things (Swamp:5)
  4 hornets
  2 salamanders (Snake:5)
  3 deep elf conjurers
  A cyclops (Orc:3)
  8 slime creatures
  A two-headed ogre (Volcano)
  9 naga magi
  3 gargoyles
  2 komodo dragons
  A centaur skeleton (D:13)
  A molten gargoyle (Lair:6)
  A rust devil (Orc:4)
  A deep elf priest (Elf:2)
  14 spiny frogs
  A fire drake (shapeshifter) (Elf:2)
  A harpy skeleton (D:15)
  2 giant leeches
  15 polar bears
  A blink frog (Lair:2)
  3 raiju (Lair:8)
  A vampire (Swamp:5)
  2 ravens (Swamp:2)
  8 bog bodies
  9 yaks
  3 shadows
  A water elemental (D:15)
  5 deep elf magi
  2 spriggans
  A neqoxec (Orc:4)
  A steam dragon (D:10)
  4 humans (D:14)
  8 nagas
  11 wolves
  A large abomination (Swamp:5)
  6 deep elf fighters
  3 hippogriffs
  8 wargs
  A hell hound (Lair:8)
  9 vampire mosquitoes
  2 spectral ravens (Swamp:2)
  4 insubstantial wisps (Swamp:3)
  20 swamp worms
  12 water moccasins
  A spider (Lair:8)
  4 swamp drakes
  5 ogres (Orc:4)
  4 black bears (Lair:8)
  3 wasps
  2 porcupines
  33 orc warriors
  11 ice beasts
  3 giant frogs
  A necrophage (D:11)
  A boring beetle (Lair:7)
  4 centaurs
  Blork the orc (Orc:1)
  7 electric eels (D:10)
  A goliath beetle (D:10)
  5 hounds
  3 quasits
  8 orc priests
  12 orc wizards
  2 worker ants (Lair:8)
  2 hell rats
  2 sheep (Lair:2)
  A hound skeleton (D:9)
  4 adders
  8 river rats
  A gnoll (D:8)
  3 orc zombies (Orc:4)
  4 shadow imps
  3 white imps
  89 orcs
  2 goblins
  4 hobgoblins
  2 kobolds (D:11)
  4 jackals (D:10)
  A rat (Lair:2)
  7 spectral orcs (Orc:4)
  8 fungi
  4 plants (Lair:8)
562 creatures vanquished.

Vanquished Creatures (others)
  3 ghouls
  A deep elf high priest (Elf:2)
  8 death cobs
  4 skeletal warriors
  A dwarf zombie (Snake:4)
  An unseen horror (D:11)
  A flayed ghost (Snake:5)
  2 phantasmal warriors
  2 air elementals (Elf:2)
  A naga mage (Snake:5)
  3 swamp worm zombies
  A shock serpent zombie (Snake:4)
  2 hydra zombies
  2 chimeras
  6 black mamba zombies
  3 alligator zombies (Swamp:5)
  5 vampires
  A hill giant zombie (Volcano)
  5 flying skulls
  4 wraiths (Lair:8)
  A human (D:14)
  A giant leech zombie (Swamp:5)
  3 deep elf fighters (Elf:2)
  A mottled dragon (D:14)
  3 raven zombies (Swamp:4)
  3 spiny frog zombies
  A naga skeleton (Snake:5)
  2 swamp dragon zombies (Swamp:5)
  A spiny frog skeleton (Swamp:4)
  2 blink frog zombies (Lair:2)
  3 centaurs (D:14)
  2 salamander zombies
  4 polar bear zombies (IceCv)
  3 water moccasin zombies
  A two-headed ogre zombie (Volcano)
  12 yak zombies
  2 spriggan zombies (Swamp:5)
  A troll zombie (D:9)
  2 wights
  An electric eel (D:10)
  7 wolf zombies
  13 elf zombies
  A black bear zombie (Lair:8)
  3 centaur zombies (D:14)
  3 human zombies
  3 bog body skeletons (Swamp:5)
  2 killer bee zombies (D:10)
  A sky beast zombie (D:10)
  21 naga zombies
  4 hound zombies
  A necrophage skeleton (D:11)
  4 ogre zombies
  2 hell rat zombies
  2 mummies (D:10)
  2 adders
  2 swamp drake zombies
  A worker ant zombie (D:11)
  An iguana zombie (Lair:3)
  9 sheep zombies
  2 adder zombies (Lair:8)
  An electric eel zombie (Lair:5)
  A bat zombie (D:8)
  20 river rat zombies
  A giant spore (D:11)
  A goblin zombie (Orc:4)
  2 jackal zombies (Lair:8)
  21 orc zombies
  3 quokka zombies
  A rat zombie (Lair:2)
  2 fungi
  6 plants
248 creatures vanquished.

Grand Total: 2061 creatures vanquished

Notes
Turn   | Place    | Note
--------------------------------------------------------------
     0 | D:1      | Tolias, the Deep Dwarf Fire Elementalist, began the quest for the Orb.
     0 | D:1      | Reached XP level 1. HP: 15/15 MP: 2/2
    85 | D:1      | Reached skill level 1 in Conjurations
   183 | D:1      | Reached XP level 2. HP: 17/22 MP: 3/3
   503 | D:1      | Reached skill level 1 in Fighting
   633 | D:1      | Reached XP level 3. HP: 29/31 MP: 6/6
   906 | D:2      | Found a deep blue altar of Sif Muna.
   979 | D:2      | Found a stormy altar of Qazlal.
  1086 | D:2      | Reached skill level 1 in Maces & Flails
  1785 | D:3      | Noticed Robin
  1796 | D:3      | Reached XP level 4. HP: 15/38 MP: 7/7
  1871 | D:3      | Killed Robin
  2163 | D:3      | Reached skill level 3 in Maces & Flails
  2253 | D:3      | Noticed herpmino's ghost (weakling HOCK)
  2596 | D:3      | Reached XP level 5. HP: 41/44 MP: 9/9
  2659 | D:3      | Found a white marble altar of Elyvilon.
  2779 | D:3      | Noticed Natasha
  2793 | D:3      | Killed Natasha
  2793 | D:3      | Reached skill level 4 in Maces & Flails
  3059 | D:3      | Noticed Natasha
  3067 | D:3      | Paralysed by herpmino's ghost for 5 turns
  3077 | D:3      | Killed Natasha
  3087 | D:3      | Killed herpmino's ghost
  3222 | D:4      | Noticed an ogre
  3262 | D:3      | Noticed Natasha
  3265 | D:3      | Killed Natasha
  3265 | D:3      | Reached skill level 1 in Evocations
  3326 | D:4      | Reached XP level 6. HP: 46/51 MP: 10/10
  3564 | D:4      | Reached skill level 1 in Shields
  3602 | D:4      | Killed an ogre
  3763 | D:4      | Reached XP level 7. HP: 55/57 MP: 12/12
  3809 | D:4      | Noticed a phantom
  3849 | D:4      | Killed a phantom
  3849 | D:4      | Reached skill level 5 in Shields
  4205 | D:4      | Found a burning altar of Makhleb.
  4206 | D:4      | Found a radiant altar of Vehumet.
  4243 | D:4      | Reached skill level 5 in Maces & Flails
  4268 | D:5      | Entered Level 5 of the Dungeon
  4271 | D:5      | Found a blossoming altar of Fedhas.
  4320 | D:5      | Found an opulent altar of Gozag.
  4321 | D:5      | Found a sparkling altar of Nemelex Xobeh.
  4496 | D:5      | Noticed Sigmund
  4546 | D:5      | Killed Sigmund
  4546 | D:5      | Reached skill level 6 in Maces & Flails
  4593 | D:5      | Found Seump's Book Emporium.
  4864 | D:5      | Found a staircase to the Ecumenical Temple.
  4969 | D:5      | Found an ancient bone altar of Kikubaaqudgha.
  5316 | Temple   | Entered the Ecumenical Temple
  5486 | Temple   | Became a worshipper of Yredelemnul the Dark
  5749 | D:6      | Reached skill level 7 in Maces & Flails
  5749 | D:6      | Reached XP level 8. HP: 30/64 MP: 12/12
  5973 | D:6      | Noticed Eustachio
  6021 | D:6      | Killed Eustachio
  6021 | D:6      | Reached skill level 8 in Maces & Flails
  6165 | D:6      | Acquired Yredelemnul's first power
  6175 | D:6      | Reached skill level 9 in Maces & Flails
  6667 | D:7      | Reached skill level 10 in Maces & Flails
  6667 | D:7      | Gained mutation: You passively map the area around you. [level up]
  6667 | D:7      | Reached XP level 9. HP: 41/70 MP: 13/13
  7304 | D:7      | Noticed a two-headed ogre
  7313 | D:7      | Killed a two-headed ogre
  7313 | D:7      | Reached skill level 11 in Maces & Flails
  7650 | D:8      | Noticed Duvessa
  7650 | D:8      | Noticed Dowan
  7672 | D:8      | Killed Duvessa
  7696 | D:8      | Killed Dowan
  7734 | D:8      | Acquired Yredelemnul's second power
  7765 | D:8      | Reached skill level 12 in Maces & Flails
  7804 | D:8      | Found a shimmering altar of Xom.
  7885 | D:8      | Reached skill level 1 in Armour
  7942 | D:8      | Reached skill level 1 in Invocations
  7945 | D:8      | being this stupid
  8047 | D:8      | Found a glowing golden altar of the Shining One.
  8162 | D:8      | Reached XP level 10. HP: 79/81 MP: 12/15
  8224 | D:8      | Found a sacrificial altar of Ru.
  8225 | D:8      | Noticed Prince Ribbit
  8275 | D:8      | Killed Prince Ribbit
  8287 | D:8      | Noticed Edmund
  8299 | D:8      | Killed Edmund
  8351 | D:8      | Your ally Prince Ribbit died
  8359 | D:8      | Your ally Edmund died
  8646 | D:8      | Acquired Yredelemnul's third power
  8859 | D:9      | Reached skill level 5 in Evocations
  8932 | D:9      | Reached skill level 5 in Armour
  8968 | D:9      | Found a snail-covered altar of Cheibriados.
  9092 | D:9      | Received a gift from Yredelemnul
  9545 | D:9      | Reached skill level 5 in Fighting
  9592 | D:10     | Entered Level 10 of the Dungeon
  9751 | D:10     | Acquired Yredelemnul's fourth power
  9756 | D:10     | Received a gift from Yredelemnul
 10070 | D:11     | Found a staircase to the Lair.
 10168 | D:11     | Reached XP level 11. HP: 50/94 MP: 20/20
 10445 | D:10     | Noticed Psyche
 10451 | D:10     | Killed Psyche
 10457 | D:10     | Noticed a hill giant
 10480 | D:10     | Killed a hill giant
 10577 | D:10     | Reached skill level 5 in Invocations
 10691 | D:10     | Received a gift from Yredelemnul
 11088 | D:11     | Killed an unseen horror
 11230 | D:11     | Noticed a hill giant
 11238 | D:11     | Killed a hill giant
 11402 | D:11     | Received a gift from Yredelemnul
 11426 | D:11     | Noticed a cyclops
 11440 | D:11     | Killed a cyclops
 12016 | D:11     | Noticed a hill giant
 12045 | D:11     | Killed a hill giant
 12118 | Lair:1   | Entered Level 1 of the Lair of Beasts
 12600 | Lair:1   | Noticed a four-headed hydra
 12611 | Lair:1   | Killed a four-headed hydra
 12611 | Lair:1   | Reached XP level 12. HP: 105/109 MP: 21/23
 13158 | Lair:1   | come on flail
 13158 | Lair:1   | Got a faintly glowing flail
 13319 | Lair:2   | Identified the +4 flail of Qazlal's Condemnation {venom, Contam rElec rF+ SInv Stlth+} (You found it on level 1 of the Lair of Beasts)
 13340 | Lair:2   | You fall through a shaft!
 13405 | Lair:3   | Received a gift from Yredelemnul
 13517 | Lair:3   | Found a staircase to the Snake Pit.
 13775 | Lair:3   | Reached skill level 10 in Armour
 13885 | Lair:3   | Noticed a seven-headed hydra
 13885 | Lair:3   | Noticed a five-headed hydra
 13956 | Lair:2   | Received a gift from Yredelemnul
 14085 | Lair:2   | Reached skill level 10 in Invocations
 14177 | Lair:2   | Acquired Yredelemnul's fifth power
 14273 | Lair:2   | Received a gift from Yredelemnul
 15073 | Lair:3   | Received a gift from Yredelemnul
 15752 | Lair:4   | Identified a scroll of acquirement
 15923 | Lair:4   | Received a gift from Yredelemnul
 16185 | Lair:5   | Found a staircase to the Swamp.
 16329 | Lair:5   | Reached skill level 13 in Maces & Flails
 16611 | Lair:5   | Reached XP level 13. HP: 115/120 MP: 26/26
 16625 | Lair:5   | Received a gift from Yredelemnul
 18237 | Lair:7   | Reached skill level 14 in Maces & Flails
 18502 | Lair:7   | Received a gift from Yredelemnul
 18748 | Lair:8   | Entered Level 8 of the Lair of Beasts
 18969 | Lair:8   | Received a gift from Yredelemnul
 19120 | Lair:8   | Received a gift from Yredelemnul
 19198 | Lair:8   | Found a viscous altar of Jiyva.
 19198 | Lair:8   | Found a staircase to the Slime Pits.
 19199 | Lair:8   | Noticed an acid blob
 19208 | Lair:8   | Killed an acid blob
 19258 | Lair:8   | Received a gift from Yredelemnul
 19318 | Lair:8   | Received a gift from Yredelemnul
 19366 | Lair:8   | Reached skill level 10 in Evocations
 19369 | Lair:8   | Received a gift from Yredelemnul
 19868 | Lair:8   | Gained mutation: You resist negative energy. [level up]
 19868 | Lair:8   | Reached XP level 14. HP: 90/130 MP: 16/28
 19875 | Lair:8   | Reached skill level 10 in Fighting
 20208 | Lair:8   | Upgraded the game from 0.16.0-17-g811c1d7 to 0.16.0-18-g484a79e
 20954 | D:12     | Found a flagged portal.
 20982 | Bailey   | Entered a bailey
 20992 | Bailey   | Received a gift from Yredelemnul
 21243 | Bailey   | Found a roughly hewn altar of Beogh.
 21290 | Bailey   | Reached XP level 15. HP: 114/140 MP: 29/29
 21717 | D:12     | Found a roughly hewn altar of Beogh.
 21725 | D:12     | Found a staircase to the Orcish Mines.
 21734 | D:12     | Received a gift from Yredelemnul
 21984 | Orc:1    | Entered Level 1 of the Orcish Mines
 21992 | Orc:1    | Noticed Blork the orc
 22005 | Orc:1    | Killed Blork the orc
 22037 | Orc:1    | Found Gitirph's Assorted Antiques.
 22048 | Orc:1    | Bought a scroll labeled KHOAGI GHOH for 28 gold pieces
 22048 | Orc:1    | Bought a glowing battleaxe for 182 gold pieces
 22086 | Orc:1    | Bought a fuming emerald potion for 25 gold pieces
 22358 | Orc:2    | Noticed Harold
 22384 | Orc:2    | Killed Harold
 22636 | Orc:1    | Received a gift from Yredelemnul
 22853 | Orc:2    | Noticed Fannar
 22854 | Orc:2    | Noticed Urug
 22870 | Orc:2    | Killed Urug
 22883 | Orc:2    | Received a gift from Yredelemnul
 22900 | Orc:2    | Killed Fannar
 23066 | Orc:3    | Found a frozen archway.
 23154 | Orc:3    | Received a gift from Yredelemnul
 23220 | Orc:3    | Found a dark tunnel.
 23235 | Volcano  | Entered a volcano
 23414 | Volcano  | Found a radiant altar of Vehumet.
 23511 | Volcano  | Got a fine great sword
 23659 | IceCv    | Entered an ice cave
 24147 | IceCv    | HP: 1/141 [ice statue/bolt of cold (14)]
 24329 | IceCv    | Identified the +7 great sword "Grom" {freeze, +Blink +Fly rC- rN+ MR+} (You found it in a volcano)
 24389 | IceCv    | Received a gift from Yredelemnul
 25776 | Orc:4    | Entered Level 4 of the Orcish Mines
 25821 | Orc:4    | Received a gift from Yredelemnul
 25865 | Orc:4    | Found a burning altar of Makhleb.
 26008 | Orc:4    | Found Psiuddeu's Antique Armour Boutique.
 26025 | Orc:4    | Received a gift from Yredelemnul
 26036 | Orc:4    | Bought a runed helmet for 130 gold pieces
 26078 | Orc:4    | Found Doorgh Napha's General Store.
 26209 | Orc:4    | Bought a scroll of acquirement for 572 gold pieces
 26219 | Orc:4    | Noticed Nergalle
 26235 | Orc:4    | Killed Nergalle
 26269 | Orc:4    | Found a staircase to the Elven Halls.
 26406 | Orc:4    | Found Suramen's Book Boutique.
 26463 | Orc:4    | Found Fytz's Antique Weapon Shoppe.
 26922 | Swamp:1  | Entered Level 1 of the Swamp
 27099 | Swamp:1  | Received a gift from Yredelemnul
 27215 | Swamp:1  | Got a distressingly furry cloak
 27226 | Swamp:1  | Identified the cursed -6 cloak of Fisasacw {Contam Str+2 Dex+3} (You found it on level 1 of the Swamp)
 27434 | Orc:1    | Bought a potion of cancellation for 224 gold pieces
 27915 | Swamp:1  | Received a gift from Yredelemnul
 28085 | Swamp:1  | Killed Nikola
 28338 | Swamp:2  | Found a white marble altar of Elyvilon.
 28733 | Lair:1   | Noticed an eight-headed hydra
 28738 | Lair:1   | Killed an eight-headed hydra
 28738 | Lair:1   | Reached XP level 16. HP: 45/151 MP: 31/31
 28875 | D:13     | Reached skill level 15 in Maces & Flails
 29089 | D:13     | Noticed Sonja
 29089 | D:13     | Noticed Sonja
 29089 | D:13     | Sonja changed into Sonja the orb spider
 29099 | D:13     | Killed Sonja the orb spider
 29307 | D:13     | Reached skill level 16 in Maces & Flails
 29307 | D:13     | Reached XP level 17. HP: 91/157 MP: 30/30
 29695 | D:14     | Noticed Kirke
 29711 | D:14     | Killed Kirke
 29711 | D:14     | Reached skill level 5 in Dodging
 29784 | D:14     | Got a fine cloak
 29795 | D:14     | Identified the +2 cloak of the Manifold Ghosts {rC+ SInv Stlth+} (You found it on level 14 of the Dungeon)
 29905 | D:14     | Received a gift from Yredelemnul
 30112 | D:14     | Found a flickering gateway to a bazaar.
 30123 | Bazaar   | Entered a bazaar
 30127 | Bazaar   | Found Phaugau's Book Boutique.
 30145 | Bazaar   | Found Maumaso's Antique Armour Emporium.
 30162 | Bazaar   | Found Xudwus' Armour Boutique.
 30179 | Bazaar   | Found Psaose's Jewellery Shoppe.
 30203 | Bazaar   | Bought the ring "Chusit" {rC+ MR+ EV+3 Str+4} for 882 gold pieces
 30206 | Bazaar   | Bought an uncursed ring of poison resistance for 360 gold pieces
 30425 | D:14     | Found a gate to the Vaults.
 30432 | D:14     | Received a gift from Yredelemnul
 30597 | D:15     | Entered Level 15 of the Dungeon
 30734 | D:15     | Identified a +2 rod of inaccuracy (12/12) (You found it on level 15 of the Dungeon)
 30909 | D:15     | Received a gift from Yredelemnul
 31002 | D:15     | Found a staircase to the Depths.
 31349 | D:15     | Found a blossoming altar of Fedhas.
 31957 | Swamp:2  | Reached skill level 10 in Dodging
 31957 | Swamp:2  | Received a gift from Yredelemnul
 32254 | Swamp:3  | Noticed DevastatorOne's ghost (mighty FoFi)
 32451 | Swamp:3  | Noticed Louise
 32474 | Swamp:3  | Killed Louise
 32795 | Swamp:3  | Killed DevastatorOne's ghost
 32941 | Swamp:4  | Noticed Roxanne
 33094 | Swamp:4  | Noticed Frances
 33120 | Swamp:4  | Killed Frances
 33171 | Swamp:4  | Received a gift from Yredelemnul
 33258 | Swamp:4  | Noticed Rupert
 33262 | Swamp:4  | Your ally Frances died
 33269 | Swamp:4  | Killed Rupert
 33570 | Swamp:5  | Entered Level 5 of the Swamp
 33577 | Swamp:4  | Received a gift from Yredelemnul
 33836 | Swamp:5  | Got a fine quarterstaff
 33844 | Swamp:5  | Identified the +4 quarterstaff of Mnimas {speed, rF++ Dex+4} (You found it on level 5 of the Swamp)
 34000 | Swamp:5  | Gained mutation: You passively map a large area around you. [level up]
 34000 | Swamp:5  | Reached XP level 18. HP: 113/168 MP: 23/30
 34086 | Swamp:5  | Received a gift from Yredelemnul
 34151 | Swamp:5  | Got a decaying rune of Zot
 34558 | Snake:1  | Entered Level 1 of the Snake Pit
 34562 | Snake:1  | Reached skill level 15 in Invocations
 34651 | Snake:1  | Found a glowing golden altar of the Shining One.
 34997 | Snake:1  | You fall through a shaft!
 35058 | Snake:2  | Got a shimmering quarterstaff
 35059 | Snake:2  | Identified the +5 quarterstaff of Strategic Superiority {flame, MP+9 Int+2} (You found it on level 2 of the Snake Pit)
 35083 | Snake:2  | Received a gift from Yredelemnul
 36332 | Snake:4  | Received a gift from Yredelemnul
 36391 | Snake:4  | Noticed Wiglaf
 36413 | Snake:4  | Killed Wiglaf
 36553 | Snake:4  | HP: 1/171 [shock serpent/bolt of electricity (22)]
 36553 | Snake:4  | Your ally Wiglaf died
 36965 | Snake:5  | Entered Level 5 of the Snake Pit
 37135 | Snake:5  | Received a gift from Yredelemnul
 37192 | Snake:5  | Reached skill level 15 in Armour
 37662 | Snake:5  | Got a serpentine rune of Zot
 37740 | Snake:5  | Received a gift from Yredelemnul
 37741 | Snake:5  | Reached XP level 19. HP: 146/181 MP: 19/30
 37881 | Snake:5  | Reached skill level 17 in Invocations
 37992 | Snake:5  | Received a gift from Yredelemnul
 38453 | Lair:3   | Noticed Snorg
 38464 | Lair:3   | Killed Snorg
 38716 | Orc:4    | Bought a book of Spatial Translocations for 975 gold pieces
 38718 | Orc:4    | Learned a level 1 spell: Apportation
 38721 | Orc:4    | Learned a level 2 spell: Blink
 38823 | Elf:1    | Entered Level 1 of the Elven Halls
 38872 | Elf:1    | Received a gift from Yredelemnul
 38913 | Orc:4    | Bought a book of Minor Magic for 300 gold pieces
 38924 | Orc:4    | Learned a level 2 spell: Repel Missiles
 39093 | Elf:1    | Found Prettasm's Distillery.
 39104 | Elf:1    | Bought a potion of heal wounds for 50 gold pieces
 39122 | Elf:1    | Reached skill level 1 in Charms
 39128 | Elf:1    | Reached skill level 1 in Air Magic
 39533 | Elf:2    | Found a deep blue altar of Sif Muna.
 39718 | Elf:2    | Found a runed door.
 39752 | Elf:2    | Found a runed door.
 39771 | Elf:2    | Found Pnashre's Distillery.
 39784 | Elf:2    | Bought a potion of heal wounds for 75 gold pieces
 39784 | Elf:2    | Bought a potion of heal wounds for 75 gold pieces
 40099 | Elf:2    | Received a gift from Yredelemnul
 40206 | Elf:2    | Noticed Agnes
 40212 | Elf:2    | Killed Agnes
 40278 | Elf:2    | Noticed Norris
 40450 | Elf:2    | Killed Norris
 40450 | Elf:2    | Reached skill level 5 in Charms
 40663 | Elf:3    | Entered Level 3 of the Elven Halls
 40998 | Elf:3    | Reached skill level 5 in Air Magic
 41849 | Elf:3    | Reached XP level 20. HP: 103/190 MP: 30/30
 41930 | Elf:3    | Killed from afar by a deep elf annihilator

Action                   |  1- 3 |  4- 6 |  7- 9 | 10-12 | 13-15 | 16-18 | 19-21 || total
-------------------------+-------+-------+-------+-------+-------+-------+-------++-------
Melee: Dagger            |    57 |       |       |       |       |       |       ||    57
       Mace              |    93 |   113 |       |       |       |       |       ||   206
       Flail             |       |    18 |       |   412 |   401 |       |       ||   831
       Whip              |       |    76 |   632 |  1023 |  1343 |       |       ||  3074
       Eveningstar       |       |       |       |       |    58 |  1222 |   557 ||  1837
 Fire: Blowgun           |       |       |       |       |       |     1 |       ||     1
Throw: Javelin           |       |     1 |    26 |    14 |    11 |       |       ||    52
 Cast: Flame Tongue      |    12 |     1 |       |       |       |       |       ||    13
       Repel Missiles    |       |       |       |       |       |       |     4 ||     4
       Apportation       |       |       |       |       |       |       |     1 ||     1
Invok: Animate Remains   |       |       |     1 |     4 |       |       |       ||     5
       Animate Dead      |       |       |       |    28 |    40 |    56 |    12 ||   136
       Recall Undead Sla |       |       |       |     8 |     5 |     3 |       ||    16
       Drain Life        |       |       |       |    13 |    33 |    43 |    19 ||   108
 Abil: Device Recharging |       |       |     1 |       |       |     5 |     1 ||     7
Evoke: Wand              |     1 |     3 |     9 |    10 |    34 |    39 |    15 ||   111
       Box of beasts     |       |       |       |     7 |     5 |       |     6 ||    18
       Rod               |       |       |       |       |       |    15 |     4 ||    19
       Fan of gales      |       |       |       |       |       |     1 |     1 ||     2
  Use: Scroll            |       |     9 |     8 |    13 |    19 |    14 |     6 ||    69
       Potion            |       |     1 |     4 |       |    10 |     4 |     8 ||    27
 Stab: Sleeping          |     2 |     1 |       |       |       |       |       ||     3
       Invisible         |       |       |     2 |       |     6 |       |     4 ||    12
       Distracted        |       |       |       |     8 |    12 |    16 |     4 ||    40
       Paralysed         |       |       |       |     2 |       |       |       ||     2
       Confused          |       |       |       |     1 |     5 |     2 |       ||     8
       Fleeing           |       |       |       |       |     3 |       |       ||     3
       Petrified         |       |       |       |       |       |       |     1 ||     1
  Eat: Chunk             |     3 |     6 |     6 |    17 |    27 |    19 |     7 ||    85
       Beef jerky        |       |     1 |       |     4 |    24 |     4 |       ||    33
       Bread ration      |       |     1 |     1 |       |       |       |       ||     2
       Meat ration       |       |       |     1 |       |       |     2 |     3 ||     6
       Pizza             |       |       |       |     7 |     4 |     3 |       ||    14
       Fruit             |       |       |       |     4 |     4 |     1 |       ||     9
       Royal jelly       |       |       |       |       |     1 |     3 |     2 ||     6
